cohdb
Replays
Latest Replays
All Replays
Popular Replays
Top Player Replays
Match Explorer
How It Works
Community
CoH3 Stats
Reddit
Sign in to upload your games and track your stats! →
Sign in with Steam
Match 45814303
Unlisted
Match 45814303
Overview
Messages
Build Orders
End
Vickers Machine Gun Team
Construct Section Command Post
Selects Air and Sea Battlegroup
Dingo Light Scout Car
Infantry Section
Construct Platoon Command Post
Selects Supply Surplus
Construct Field Infirmary
Forward Retreat Point
Humber Armored Car
Royal Engineer Section
Selects Commando Section Paradrop
Commando Section Paradrop
6-pounder Anti-tank Gun Team
Commando Section Paradrop
任何邪恶终将绳之以法
Fluffgrumt
[TW]S.C.
Alekel
Mr.28M
LeVisir
callofnoob
見人就倒不墨跡
0
0
Comments
sign in to comment!
No comments posted yet!